 Dungeon Crawl Stone Soup version 0.28.0-45-g0d030f2227 (webtiles) character file.

Game seed: 14288386780579780644

165 101zpm the Magician (level 5, -1/36 HPs)
             Began as a Djinni Hedge Wizard on Apr 10, 2022.
             Slain by a black bear (6 damage)
             ... on level 5 of the Dungeon.
             The game lasted 00:15:01 (5321 turns).

101zpm the Magician (Djinni Hedge Wizard)           Turns: 5321, Time: 00:15:03

Health: -1/36      AC:  2    Str:  9    XL:     5   Next: 75%
Gold:   107        EV: 12    Int: 17    God:
                   SH:  0    Dex: 13

rFire   + + .      SeeInvis .   p - +1 halberd (venom)
rCold   x . .      Faith    .   (shield currently unavailable)
rNeg    . . .      Spirit   .   b - +0 robe
rPois   ∞          Reflect  .   c - +0 hat
rElec   .          Harm     .   (no cloak)
rCorr   .          Rampage  .   (no gloves)
Will    .....                   (boots unavailable)
Stlth   ++........              (no amulet)
HPRegen 0.12/turn               (no ring)
MPRegen 0.00/turn               (no ring)

@: flying, very slightly contaminated
A: sickness immunity, fire resistance 2, cold vulnerability 1, float, innate
caster, HP casting, extra vitality 1
a: no special abilities


You were on level 5 of the Dungeon.
You visited 1 branch of the dungeon, and saw 5 of its levels.

You collected 107 gold pieces.

Inventory:

Hand Weapons
 a - a +0 dagger
 p - a +1 halberd of venom (weapon)
Missiles
 g - 5 atropa-tipped darts
 i - a throwing net
 o - 4 poisoned darts
 t - 4 javelins
Armour
 b - a +0 robe (worn)
 c - a +0 hat (worn)
Wands
 l - a wand of mindburst (14)
Scrolls
 f - a scroll of summoning {unknown}
 h - a scroll of teleportation {unknown}
 j - a scroll of noise {unknown}
 k - a scroll of identify {unknown}
 n - a scroll of enchant armour {unknown}
 q - a scroll of fear {unknown}
 r - a scroll of brand weapon {unknown}
 s - a scroll of amnesia {unknown}
Potions
 d - 2 potions of might {unknown}
 e - a potion of curing
 m - a potion of mutation {unknown}


   Skills:
 + Level 0.4 Fighting
 + Level 2.5 Dodging
 + Level 2.4 Stealth
 + Level 4.2 Spellcasting


You couldn't memorise any spells.
You knew the following spells:

 Your Spells              Type           Power      Damage    Failure   Level
a - Magic Dart            Conj           68%        1d6       2%          1
b - Blink                 Tloc           34%        N/A       4%          2
c - Call Imp              Summ           17%        N/A       4%          2
d - Slow                  Hex            68%        N/A       2%          1
e - Conjure Flame         Conj/Fire      17%        6-21      9%          3
f - Mephitic Cloud        Conj/Pois/Air  17%        N/A       9%          3
g - Sting                 Tmut/Pois      68%        1d6       2%          1
h - Static Discharge      Conj/Air       17%        N/A       4%          2
Your spell library was empty.

Dungeon Overview and Level Annotations

Branches:
Dungeon (5/15)
 Temple: D:4-7

Altars:
Dithmenos
Hepliaklqana
Qazlal


Innate Abilities, Weirdness & Mutations

You are immune to sickness and miasma.
You are immune to poison.
Your flesh is very heat resistant. (rF++)
You are vulnerable to cold. (rC-)
You float through the air rather than walking.
You learn spells naturally, not from books.
Your magical power is your life essence.
You have superior vitality. (+4 MHP)


Message History

Orders for allies: a - Attack new target. p - Attack previous target. r - Retreat! s - Stop attacking. g - Guard the area. f - Follow me.
Anything else - Cancel.
Gang up on whom?
Press: ? - help, Dir - move target, f/p - black bear
Aim: a black bear (almost dead, berserk, ally target) Attack!
The black bear completely misses your crimson imp.
The black bear claws your crimson imp but does no damage.
The black bear claws your crimson imp.
Your crimson imp hits the black bear.
The black bear misses your crimson imp.
The black bear barely misses your crimson imp.
The black bear closely misses your crimson imp.
The black bear closely misses your crimson imp.
The black bear barely misses your crimson imp.
The black bear claws your crimson imp.
Your crimson imp barely misses the black bear.
The black bear bites your crimson imp!
Your crimson imp dies!
Your crimson imp disappears in a puff of smoke!
What are your orders? t - Shout!
Orders for allies: a - Attack new target. p - Attack previous target. r - Retreat! s - Stop attacking. g - Guard the area. f - Follow me.
Anything else - Cancel.
Okay, then.
Aiming: Magic Dart (safe; 2% risk of failure)
Press: ? - help, Q - select action, (/) - cycle Shift-Dir - straight line, f/p - black bear
Aim: a black bear (almost dead, berserk, 100% to hit)
You miscast Magic Dart.
You are very lightly contaminated with residual magic.
Nothing appears to happen.
The black bear bites you!
* * * LOW HITPOINT WARNING * * *
The black bear claws you.
* * * LOW HITPOINT WARNING * * *
The black bear claws you.
You die...

.. ..# .. #.# #.
#.######
#.##.#....# <.
#..#.#....# ..
#(#.#....# ##..
#...#....######
#...
#..h.........###.##
#.@#########.#☼...☼
##.# #.#..... #.#
#...._.. #.#
###..... #.# #....°
#.# ###.## #?# #.#.
#.# #... ###.


You could see a black bear (berserk).

Vanquished Creatures
  3 gnolls (D:2)
  3 adders
  A worm (D:2)
  8 ball pythons
  3 bats (D:1)
  An endoplasm (D:1)
  8 goblins
  5 hobgoblins
  2 jackals (D:3)
  7 kobolds
  3 quokkas (D:2)
  2 frilled lizards
  8 rats
54 creatures vanquished.

Vanquished Creatures (collateral kills)
  5 gnolls (D:2)
  An orc (D:3)
6 creatures vanquished.

Vanquished Creatures (others)
  18 plants (D:2)
18 creatures vanquished.

Grand Total: 78 creatures vanquished

Notes
Turn   | Place    | Note
-------+----------+-------------------------------------------
     0 | D:1      | 101zpm the Djinni Hedge Wizard began the quest for the Orb.
     0 | D:1      | Reached XP level 1. HP: 15/15 MP: 0/0
   505 | D:1      | Reached XP level 2. HP: 17/21 MP: 0/0
   974 | D:1      | Reached skill level 3 in Spellcasting
  1113 | D:1      | Reached XP level 3. HP: 22/25 MP: 0/0
  1113 | D:1      | Learned a level 1 spell: Sting
  2592 | D:2      | Reached XP level 4. HP: 29/31 MP: 0/0
  3146 | D:2      | Found a faded altar of an unknown god.
  3288 | D:2      | Reached XP level 5. HP: 22/35 MP: 0/0
  3288 | D:2      | Learned a level 2 spell: Static Discharge
  3480 | D:2      | Reached skill level 4 in Spellcasting
  5000 | D:3      | Found a shadowy altar of Dithmenos.
  5011 | D:3      | Noticed a shadow
  5013 | D:3      | Found a hazy altar of Hepliaklqana.
  5265 | D:5      | Entered Level 5 of the Dungeon
  5272 | D:5      | Found a stormy altar of Qazlal.
  5290 | D:5      | Noticed a black bear
  5321 | D:5      | Slain by a black bear

Illustrated notes

Levels and vault maps discovered:
D:1:      dpeg_arrival_rhombi, layout_loops_ring, kennysheep_another_room
D:2:      layout_loops_corners, hellmonk_ecumenical_altar_zigzags,
          grunt_ministairs_5, nicolae_grassy_gnolls
D:3:      layout_loops_corners, riverfiend_overflow_shadow_ancestor,
          chequers_serial_rivers_micro_d, serial_park_tiny_2
D:4:      layout_gridville, lemuel_round_altar
D:5:      layout_basic, grunt_qazlal_clouds, roderic_lattice_a

Skill      XL: |  1  2  3  4  5 |
---------------+----------------+-----
Spellcasting   | 3 4 |  4.2
Stealth        | 2 |  2.4
Fighting       | |  0.4
Dodging        | |  2.5

Action                   |  1- 3 |  4- 6 || total
-------------------------+-------+-------++-------
 Cast: Magic Dart        |    79 |    73 ||   152
       Sting             |     5 |       ||     5
       Call Imp          |     1 |     9 ||    10
       Blink             |       |     1 ||     1
Armor: Robe              |       |     1 ||     1
Dodge: Dodged            |     6 |    17 ||    23
